 Dungeon Crawl Stone Soup version 0.27-a0-795-ge5c3fa52fd (console) character file.

Game seed: 11670576623128827429

28 Gather the Insei (level 3, 28/28 HPs)
             Began as a Djinni Gladiator on Mar 26, 2021.
             Got out of the dungeon alive.
             The game lasted 00:04:44 (1516 turns).

Gather the Insei (Djinni Gladiator)                 Turns: 1516, Time: 00:04:44

Health: 28/28      AC:  4    Str: 13    XL:     3   Next: 12%
Gold:   0          EV: 12    Int:  9    God:
                   SH:  0    Dex: 15

rFire    + + .     SeeInvis .     - Unarmed
rCold    x . .     Faith    .   (no shield)
rNeg     . . .     Spirit   .   a - +0 leather armour
rPois    ∞         Reflect  .   b - +0 helmet
rElec    .         Harm     .   (no cloak)
rCorr    .         Rampage  .   (no gloves)
Will     .....                  (boots unavailable)
Stlth    +.........             (no amulet)
HPRegen  0.09/turn              (no ring)
MPRegen  0.00/turn              (no ring)

@: flying
A: fire resistance 2, cold vulnerability 1, float, innate caster, hp casting,
extra vitality 1
a: no special abilities


You escaped.
You visited 1 branch of the dungeon, and saw 1 of its levels.

Inventory:

Missiles
 c - 2 throwing nets (quivered)
Armour
 a - a +0 leather armour (worn)
 b - a +0 helmet (worn)


   Skills:
 - Level 2.1 Fighting
 - Level 1.5 Throwing
 - Level 3.3 Dodging
 + Level 4.0 Unarmed Combat


You had one spell level left.
You knew the following spells:

 Your Spells              Type           Power      Damage    Failure   Level
a - Corona                Hex            0%         N/A       45%         1
Your spell library was empty.

Dungeon Overview and Level Annotations

Branches:
Dungeon (1/15)

Altars:


Innate Abilities, Weirdness & Mutations

You are immune to poison.
Your flesh is very heat resistant. (rF++)
You are vulnerable to cold. (rC-)
You float through the air rather than walking.
You learn spells naturally, not from books.
Your magical power is your life essence.
You have superior vitality. (+4 HP)


Message History

The gnoll closely misses you.
You closely miss the gnoll.
The gnoll is almost dead.
The gnoll misses you.
You hit the gnoll.
You kill the gnoll!
You hear a splash.
Your Unarmed Combat skill increases to level 4!
You have reached level 3!
Your experience leads to an increase in your attributes!
Increase (S)trength, (I)ntelligence, or (D)exterity?
You feel agile.
The power to cast Corona wells up from within.
Spell assigned to 'a'.
You completely miss the kobold. The kobold closely misses you.
You closely miss the kobold.
A nearby plant withers and dies.
The kobold hits you with a +0 club.
* * * LOW HITPOINT WARNING * * *
You miss the kobold. You hit the kobold but do no damage.
The kobold closely misses you.
You closely miss the kobold.
The kobold splashes around in the water.
You barely miss the kobold. You punch the kobold.
You kill the kobold!
You hear a splash. x2
Items here: ( ))) ††.
HP restored.
There is a large open door here.
A hobgoblin comes into view.
The hobgoblin shouts!
You closely miss the hobgoblin. The hobgoblin barely misses you.
You closely miss the hobgoblin. The hobgoblin barely misses you.
You hit the hobgoblin but do no damage. The hobgoblin closely misses you.
You punch the hobgoblin!
You kill the hobgoblin!
You see here a hobgoblin corpse.
You see here a hobgoblin corpse.
There is a large open door here.
There is a staircase leading out of the dungeon here.
Are you sure you want to leave the Dungeon?
This will make you lose the game!
You have escaped!

##########
#######P≈≈≈≈..@#
#.....#≈≈≈≈..###
###.##.##≈≈≈≈≈.P#
#...#...#≈≈≈≈≈≈.#
#.###...#≈≈≈≈≈.P#
#.......#≈≈≈≈≈.##
#.....#†#≈)≈≈≈≈.##
##g####.#≈.≈≈≈≈≈.#
K..#.g..#≈≈≈≈≈≈.P#
..>#.####≈.≈≈≈≈≈.#
####.#..#.P≈≈≈≈.##


There were no monsters in sight!

Vanquished Creatures
  A gnoll (D:1)
  A ball python (D:1)
  An endoplasm (D:1)
  2 goblins (D:1)
  2 hobgoblins (D:1)
  2 jackals (D:1)
  A quokka (D:1)
  A bat (D:1)
  A frilled lizard (D:1)
  2 kobolds (D:1)
  2 rats (D:1)
16 creatures vanquished.

Vanquished Creatures (others)
  7 plants (D:1)
7 creatures vanquished.

Grand Total: 23 creatures vanquished

Notes
Turn   | Place    | Note
-------+----------+-------------------------------------------
     0 | D:1      | Gather the Djinni Gladiator began the quest for the Orb.
     0 | D:1      | Reached XP level 1. HP: 18/18 MP: 0/0
   433 | D:1      | Reached XP level 2. HP: 18/23 MP: 0/0
  1198 | D:1      | Upgraded the game from 0.27-a0-780-geb8d7bc690 to
                  | 0.27-a0-795-ge5c3fa52fd
  1218 | D:1      | Reached skill level 4 in Unarmed Combat
  1218 | D:1      | Reached XP level 3. HP: 10/28 MP: 0/0
  1218 | D:1      | Learned a level 1 spell: Corona
  1516 | D:$      | Got out of the dungeon alive.

Illustrated notes

Levels and vault maps discovered:
D:1:      lightli_arrival_windingriver, layout_basic

Skill      XL: |  1  2 |
---------------+-------+-----
Unarmed Combat | 4 |  4.0
Fighting       | |  2.1
Throwing       | |  1.5
Dodging        | |  3.3

Action                   || total
-------------------------++-------
Melee: Unarmed           ||    97
       Punch             ||     3
Throw: Throwing net      ||     1
  Use: Scroll            ||     1
       Potion            ||     1
Armor: Leather armour    ||    54
Dodge: Dodged            ||   115

Table legend: (Time is in decaauts)
 A = Elapsed time spent in this place.
 B = Non-inter-level travel time spent in this place.
 C = Inter-level travel time spent in this place.
 D = Time resting spent in this place.
 E = Time spent auto-exploring this place.
 F = Levels seen in this place.
 G = Mean time per level.
                   A        B        C        D        E       F      G
               +--------+--------+--------+--------+--------+-----+--------+
         Total |   1510 |   1467 |     43 |    423 |    806 |   1 | 1510.0 |
       Dungeon |   1510 |   1467 |     43 |    423 |    806 |   1 | 1510.0 |
               +--------+--------+--------+--------+--------+-----+--------+

Top non-repeatable levels by time:
     D:1: 1510 daAuts
